| TOP OF THE 1ST |
|
University of South Carolina Gamecocks batting - Pitching for University of Arizona Wildcats : LHP Gilg Martin
|
|
Pitching: LHP Gilg Martin
|
|
|
Batting: RHB Mike Chiquete
|
0-0: Ball 1-0: Ball 2-0: Called Strike 2-1: SINGLE (Groundball, 5S, EV 73.8 MPH) (infield hit)
|
|
Batting: RHB Mike Berzins
|
0-0: Swinging Strike 0-1: Ball 1-1: Called Strike 1-2: Grounds into double play, 1-6-3 (Groundball, 13S, EV 68.8 MPH)
|
|
Batting: LHB Jose Mafano
|
0-0: Ball 1-0: TRIPLE (Flyball, 8LXD, EV 102.5 MPH)
|
|
Batting: RHB Danny Rodriguez
|
0-0: Swinging Strike 0-1: Called Strike 0-2: Strikes out looking
|
| Top of the 1st over - 0 runs, 2 hits, 0 errors, 1 left on base; University of South Carolina 0 - University of Arizona 0 |
| BOTTOM OF THE 1ST |
|
University of Arizona Wildcats batting - Pitching for University of South Carolina Gamecocks : RHP Zach Clausen
|
|
Pitching: RHP Zach Clausen
|
|
|
Batting: RHB Alejandro de Jesus
|
0-0: Ball 1-0: Called Strike 1-1: Swinging Strike 1-2: Foul Ball, location: 2F 1-2: Strikes out swinging
|
|
Batting: LHB Edelberto Barbas
|
0-0: Ball 1-0: Fly out, F9 (Flyball, 89D, EV 86.9 MPH)
|
|
Batting: LHB Gary Corrales
|
0-0: Foul Ball, location: 2F 0-1: Foul Ball, location: 2F 0-2: Ball 1-2: Foul Ball, location: 2F 1-2: Ground out U3 (Groundball, 3, EV 101.2 MPH)
|
| Bottom of the 1st over - 0 runs, 0 hits, 0 errors, 0 left on base; University of South Carolina 0 - University of Arizona 0 |
| TOP OF THE 2ND |
|
University of South Carolina Gamecocks batting - Pitching for University of Arizona Wildcats : LHP Gilg Martin
|
|
Batting: RHB Emanuel Estrada
|
0-0: Ball 1-0: Ball 2-0: Ball 3-0: Base on Balls
|
|
Batting: RHB Pablo Henriquez
|
0-0: Ball 1-0: Ball Wild Pitch! Emanuel Estrada to second 2-0: Ball 3-0: Base on Balls
|
|
Batting: LHB Bruce Daley
|
0-0: Fly out, F9 (Line Drive, 9, EV 94.4 MPH)
|
|
Batting: RHB Jim Smallwood
|
0-0: Reached on error, E1 (Groundball, 13S, EV 74.4 MPH) Emanuel Estrada to third Pablo Henriquez to second
|
|
Batting: RHB Mark Squires
|
0-0: Foul Ball, location: 2F 0-1: Grounds into double play, 4-6-3 (Groundball, 4M, EV 80.6 MPH)
|
| Top of the 2nd over - 0 runs, 0 hits, 1 error, 2 left on base; University of South Carolina 0 - University of Arizona 0 |
| BOTTOM OF THE 2ND |
|
University of Arizona Wildcats batting - Pitching for University of South Carolina Gamecocks : RHP Zach Clausen
|
|
Batting: RHB C.J. Wells
|
0-0: Ball 1-0: Foul Ball, location: 2F 1-1: Ball 2-1: Called Strike 2-2: Strikes out swinging
|
|
Batting: RHB Mike Llamas
|
0-0: Foul Ball, location: 2F 0-1: Ball 1-1: Fly out, F8 (Flyball, 8LM, EV 94.4 MPH)
|
|
Batting: RHB Ron Dondale
|
0-0: Foul Ball, location: 2F 0-1: Swinging Strike 0-2: Ball 1-2: Ball 2-2: Foul Ball, location: 2F 2-2: Ball 3-2: Hit by Pitch
|
|
Batting: RHB Teddy Bonaddio
|
0-0: Fly out, F7 (Flyball, 7, EV 85.0 MPH)
|
| Bottom of the 2nd over - 0 runs, 0 hits, 0 errors, 1 left on base; University of South Carolina 0 - University of Arizona 0 |
| TOP OF THE 3RD |
|
University of South Carolina Gamecocks batting - Pitching for University of Arizona Wildcats : LHP Gilg Martin
|
|
Batting: RHB Mike Chiquete
|
0-0: Called Strike 0-1: Bunted foul 0-2: Ground out 4-3 (Groundball, 4, EV 89.4 MPH)
|
|
Batting: RHB Mike Berzins
|
0-0: Called Strike 0-1: SINGLE (Groundball, 4MD, EV 101.9 MPH)
|
|
Batting: LHB Jose Mafano
|
0-0: Called Strike 0-1: Called Strike Mike Berzins steals 2nd base 0-2: Ground out 3-1 (Groundball, 34, EV 101.2 MPH) Mike Berzins to third
|
|
Batting: RHB Danny Rodriguez
|
0-0: Fly out, F7 (Flyball, 7, EV 85.0 MPH)
|
| Top of the 3rd over - 0 runs, 1 hit, 0 errors, 1 left on base; University of South Carolina 0 - University of Arizona 0 |
| BOTTOM OF THE 3RD |
|
University of Arizona Wildcats batting - Pitching for University of South Carolina Gamecocks : RHP Zach Clausen
|
|
Batting: RHB Larry Harlow
|
0-0: Fly out, F7 (Line Drive, 7D, EV 92.5 MPH)
|
|
Batting: LHB Andrew Davis
|
0-0: Ball 1-0: Fly out, F8 (Flyball, 8RXD, EV 103.1 MPH)
|
|
Batting: RHB Alejandro de Jesus
|
0-0: Ball 1-0: Foul Ball, location: 2F 1-1: Called Strike 1-2: Fly out, F9 (Flyball, 89D, EV 91.9 MPH)
|
| Bottom of the 3rd over - 0 runs, 0 hits, 0 errors, 0 left on base; University of South Carolina 0 - University of Arizona 0 |
| TOP OF THE 4TH |
|
University of South Carolina Gamecocks batting - Pitching for University of Arizona Wildcats : LHP Gilg Martin
|
|
Batting: RHB Emanuel Estrada
|
0-0: Called Strike 0-1: Ball 1-1: Ball 2-1: SINGLE (Flyball, 89S, EV 97.5 MPH)
|
|
Batting: RHB Pablo Henriquez
|
0-0: Ball 1-0: Foul Ball, location: 2F 1-1: Ball Emanuel Estrada is caught stealing 2nd base 2-4 2-1: Called Strike 2-2: Ball 3-2: Ground out 4-3 (Groundball, 4, EV 99.4 MPH)
|
|
Batting: LHB Bruce Daley
|
0-0: Called Strike 0-1: Swinging Strike 0-2: Ground out U3 (Groundball, 3, EV 91.2 MPH)
|
| Top of the 4th over - 0 runs, 1 hit, 0 errors, 0 left on base; University of South Carolina 0 - University of Arizona 0 |
| BOTTOM OF THE 4TH |
|
University of Arizona Wildcats batting - Pitching for University of South Carolina Gamecocks : RHP Zach Clausen
|
|
Batting: LHB Edelberto Barbas
|
0-0: Foul Ball, location: 2F 0-1: Ball 1-1: Ball 2-1: Swinging Strike 2-2: SINGLE (Line Drive, 9LS, EV 111.2 MPH)
|
|
Batting: LHB Gary Corrales
|
0-0: Fly out, F7 (Flyball, 7D, EV 106.2 MPH)
|
|
Batting: RHB C.J. Wells
|
0-0: Called Strike 0-1: Swinging Strike 0-2: Grounds into double play, 4-6-3 (Groundball, 4, EV 88.8 MPH)
|
| Bottom of the 4th over - 0 runs, 1 hit, 0 errors, 0 left on base; University of South Carolina 0 - University of Arizona 0 |
| TOP OF THE 5TH |
|
University of South Carolina Gamecocks batting - Pitching for University of Arizona Wildcats : LHP Gilg Martin
|
|
Batting: RHB Jim Smallwood
|
0-0: Ball 1-0: Ball 2-0: Swinging Strike 2-1: Foul Ball, location: 2F 2-2: Strikes out looking
|
|
Batting: RHB Mark Squires
|
0-0: Called Strike 0-1: Ball 1-1: Fly out, F9 (Flyball, 89M, EV 91.2 MPH)
|
|
Batting: RHB Mike Chiquete
|
0-0: Ground out 4-3 (Groundball, 34D, EV 107.5 MPH)
|
| Top of the 5th over - 0 runs, 0 hits, 0 errors, 0 left on base; University of South Carolina 0 - University of Arizona 0 |
| BOTTOM OF THE 5TH |
|
University of Arizona Wildcats batting - Pitching for University of South Carolina Gamecocks : RHP Zach Clausen
|
|
Batting: RHB Mike Llamas
|
0-0: Fly out, F7 (Line Drive, 7LM, EV 92.5 MPH)
|
|
Batting: RHB Ron Dondale
|
0-0: Foul Ball, location: 2F 0-1: DOUBLE (Line Drive, 5D, EV 106.9 MPH)
|
|
Batting: RHB Teddy Bonaddio
|
0-0: Ball 1-0: Swinging Strike 1-1: Ball 2-1: SINGLE (Flyball, 8LS, EV 91.9 MPH) Ron Dondale to third
|
|
Batting: RHB Larry Harlow
|
0-0: Foul Ball, location: 2F 0-1: Called Strike 0-2: Strikes out swinging
|
|
Batting: LHB Andrew Davis
|
0-0: Ball 1-0: Called Strike 1-1: Ball 2-1: Called Strike 2-2: Foul Ball, location: 2F 2-2: Strikes out swinging
|
| Bottom of the 5th over - 0 runs, 2 hits, 0 errors, 2 left on base; University of South Carolina 0 - University of Arizona 0 |
| TOP OF THE 6TH |
|
University of South Carolina Gamecocks batting - Pitching for University of Arizona Wildcats : LHP Gilg Martin
|
|
Batting: RHB Mike Berzins
|
0-0: Called Strike 0-1: Swinging Strike 0-2: Ball 1-2: Foul Ball, location: 2F 1-2: Ball 2-2: Ball 3-2: Strikes out swinging
|
|
Batting: LHB Jose Mafano
|
0-0: Called Strike 0-1: Ball 1-1: Ball 2-1: Ball 3-1: Base on Balls
|
|
Batting: RHB Danny Rodriguez
|
0-0: Grounds into double play, 5-4-3 (Groundball, 5, EV 86.2 MPH)
|
| Top of the 6th over - 0 runs, 0 hits, 0 errors, 0 left on base; University of South Carolina 0 - University of Arizona 0 |
| BOTTOM OF THE 6TH |
|
University of Arizona Wildcats batting - Pitching for University of South Carolina Gamecocks : RHP Zach Clausen
|
|
Pitching: RHP Francisco Landin
|
|
|
Batting: RHB Alejandro de Jesus
|
0-0: Ball 1-0: Ball 2-0: Ball 3-0: Called Strike 3-1: Base on Balls
|
|
Batting: LHB Edelberto Barbas
|
0-0: 2-RUN HOME RUN (Flyball, 9D, EV 93.1 MPH), Distance : 347 ft
|
|
Batting: LHB Gary Corrales
|
0-0: Ball 1-0: Fly out, F9 (Flyball, 9, EV 87.5 MPH)
|
|
Batting: RHB C.J. Wells
|
0-0: Ball 1-0: Ground out 6-3 (Groundball, 6MS, EV 75.0 MPH)
|
|
Batting: RHB Mike Llamas
|
0-0: Foul Ball, location: 2F 0-1: Ball 1-1: Called Strike 1-2: SINGLE (Groundball, 34D, EV 106.2 MPH)
|
|
Batting: RHB Ron Dondale
|
0-0: Fly out, F9 (Flyball, 89D, EV 99.4 MPH)
|
| Bottom of the 6th over - 2 runs, 2 hits, 0 errors, 1 left on base; University of South Carolina 0 - University of Arizona 2 |
| TOP OF THE 7TH |
|
University of South Carolina Gamecocks batting - Pitching for University of Arizona Wildcats : LHP Gilg Martin
|
|
Batting: RHB Emanuel Estrada
|
0-0: Called Strike 0-1: Ball 1-1: Ball 2-1: Ball 3-1: Base on Balls
|
|
Batting: RHB Pablo Henriquez
|
0-0: Ball 1-0: Foul Ball, location: 2F 1-1: Foul Ball, location: 2F 1-2: Ball 2-2: Ball 3-2: Foul Ball, location: 2F 3-2: Fly out, F8 (Line Drive, 8LM, EV 106.2 MPH)
|
|
Pitching: RHP Chris Obloy
|
|
|
Pinch Hitting: LHB John Harvey
|
0-0: Ball 1-0: Foul Ball, location: 2F 1-1: Ball 2-1: Foul Ball, location: 2F 2-2: SINGLE (Flyball, 3D, EV 86.2 MPH) Emanuel Estrada to second Runner from 2nd tries for 3rd, SAFE, throw by RF made to third
|
|
Batting: RHB Colin Morris
|
0-0: Called Strike 0-1: Ball 1-1: Ball 2-1: Swinging Strike 2-2: Foul Ball, location: 2F 2-2: Strikes out looking
|
|
Batting: RHB Mark Squires
|
0-0: Fly out, F8 (Flyball, 78M, EV 90.0 MPH)
|
| Top of the 7th over - 0 runs, 1 hit, 0 errors, 2 left on base; University of South Carolina 0 - University of Arizona 2 |
| BOTTOM OF THE 7TH |
|
University of Arizona Wildcats batting - Pitching for University of South Carolina Gamecocks : RHP Francisco Landin
|
|
Now at 1B: Christopher Arnett
|
|
|
Batting: RHB Teddy Bonaddio
|
0-0: Swinging Strike 0-1: Ball 1-1: Swinging Strike 1-2: Strikes out swinging
|
|
Batting: RHB Larry Harlow
|
0-0: Ball 1-0: Foul Ball, location: 2F 1-1: Fly out, F6 (Flyball, 56D, EV 86.9 MPH)
|
|
Batting: LHB Andrew Davis
|
0-0: Ball 1-0: Called Strike 1-1: Ball 2-1: SINGLE (Line Drive, 78S, EV 91.9 MPH)
|
|
Batting: RHB Alejandro de Jesus
|
0-0: Ball 1-0: Fly out, F7 (Flyball, 78M, EV 93.1 MPH)
|
| Bottom of the 7th over - 0 runs, 1 hit, 0 errors, 1 left on base; University of South Carolina 0 - University of Arizona 2 |
| TOP OF THE 8TH |
|
University of South Carolina Gamecocks batting - Pitching for University of Arizona Wildcats : RHP Chris Obloy
|
|
Pitching: RHP Rogelio Chavez
|
|
|
Batting: RHB Mike Chiquete
|
0-0: Called Strike 0-1: Ball 1-1: Ball 2-1: Ground out 5-3 (Groundball, 5, EV 106.2 MPH)
|
|
Batting: RHB Mike Berzins
|
0-0: Ball 1-0: Foul Ball, location: 2F 1-1: Swinging Strike 1-2: Ball 2-2: Ball 3-2: Fly out, F5 (Line Drive, 5, EV 68.1 MPH)
|
|
Batting: LHB Jose Mafano
|
0-0: Ball 1-0: Ball 2-0: SINGLE (Line Drive, 6D, EV 99.4 MPH)
|
|
Pinch Hitting: LHB Osmo Leino
|
0-0: Called Strike 0-1: Swinging Strike 0-2: Ball 1-2: Foul Ball, location: 2F 1-2: Foul Ball, location: 2F 1-2: Foul Ball, location: 2F 1-2: Fly out, F5 (Popup, 5SF, EV 73.1 MPH)
|
| Top of the 8th over - 0 runs, 1 hit, 0 errors, 1 left on base; University of South Carolina 0 - University of Arizona 2 |
| BOTTOM OF THE 8TH |
|
University of Arizona Wildcats batting - Pitching for University of South Carolina Gamecocks : RHP Francisco Landin
|
|
Pitching: LHP Josh Schmidt
|
|
|
Now at 3B: Taro Inamine
|
|
|
Batting: LHB Edelberto Barbas
|
0-0: Called Strike 0-1: Foul Ball, location: 2F 0-2: Ground out 3-1 (Groundball, 34, EV 111.2 MPH)
|
|
Batting: LHB Gary Corrales
|
0-0: Called Strike 0-1: Ball 1-1: Foul Ball, location: 2F 1-2: Fly out, F8 (Line Drive, 8RM, EV 110.6 MPH)
|
|
Batting: RHB C.J. Wells
|
0-0: Called Strike 0-1: Called Strike 0-2: Ball 1-2: Strikes out swinging
|
| Bottom of the 8th over - 0 runs, 0 hits, 0 errors, 0 left on base; University of South Carolina 0 - University of Arizona 2 |
| TOP OF THE 9TH |
|
University of South Carolina Gamecocks batting - Pitching for University of Arizona Wildcats : RHP Rogelio Chavez
|
|
Pitching: RHP Chris Galloway
|
|
|
Batting: RHB Emanuel Estrada
|
0-0: Ball 1-0: Ball 2-0: Foul Ball, location: 2F 2-1: Called Strike 2-2: Ball 3-2: SOLO HOME RUN (Line Drive, 7D, EV 102.5 MPH), Distance : 372 ft
|
|
Batting: RHB Pablo Henriquez
|
0-0: Ball 1-0: SINGLE (Groundball, 56S, EV 70.0 MPH) (infield hit)
|
|
Batting: RHB Christopher Arnett
|
0-0: Ball 1-0: Ball 2-0: Called Strike 2-1: Called Strike 2-2: Grounds into double play, 6-4-3 (Groundball, 6, EV 81.9 MPH)
|
|
Batting: RHB Colin Morris
|
0-0: Ball 1-0: Ball 2-0: Swinging Strike 2-1: Swinging Strike 2-2: Ball 3-2: Strikes out swinging
|
| Top of the 9th over - 1 run, 2 hits, 0 errors, 0 left on base; University of South Carolina 1 - University of Arizona 2 |
|